 Dungeon Crawl Stone Soup version 0.18-a0-993-g4a3b7c7 (webtiles) character file.

82 tof the Covered (level 4, -1/40 HPs)
             Began as a Minotaur Fighter on Jan 4, 2016.
             Slain by Sigmund
             ... wielding a +0 scythe
              (10 damage)
             ... on level 2 of the Dungeon.
             The game lasted 00:04:02 (1114 turns).

tof the Covered (Minotaur Fighter)                  Turns: 1114, Time: 00:04:02

Health: -1/40      AC:  9    Str: 20    XL:     4   Next: 21%
Magic:  3/3        EV:  6    Int:  5    God:
Gold:   83         SH:  9    Dex: 11    Spells: 0 memorised, 3 levels left

rFire  . . .     SeeInvis .     m - +4 long sword
rCold  . . .     Gourm    .     n - +0 chain mail
rNeg   . . .     Faith    .     c - +0 shield
rPois  .         Spirit   .     (helmet restricted)
rElec  .         Dismiss  .     (no cloak)
rCorr  .         Reflect  .     (no gloves)
SustAt .         Harm     .     (no boots)
MR     .....                    (no amulet)
Stlth  ..........               (no ring)
                                (no ring)

@: not resistant to hostile enchantments, extremely unstealthy
A: retaliatory headbutt, horns 2
a: no special abilities


You were on level 2 of the Dungeon.
You were not hungry.

You visited 1 branch of the dungeon, and saw 2 of its levels.

You collected 83 gold pieces.

Inventory:

Hand Weapons
 a - a +0 war axe
 m - a +4 long sword (weapon)
Armour
 b - a +0 scale mail
 c - a +0 shield (worn)
 n - a +0 chain mail (worn)
Scrolls
 g - 3 scrolls of identify {unknown}
 l - 2 scrolls of enchant weapon {unknown}
Potions
 d - a potion of might
 e - a potion of heal wounds {unknown}
 h - a potion of brilliance {unknown}
 i - a potion of degeneration {unknown}
 j - a potion of agility {unknown}
Comestibles
 f - 2 bread rations
 k - 2 chunks of flesh


   Skills:
 + Level 4.0 Fighting
 * Level 0.2 Long Blades
 + Level 2.8 Axes
 * Level 4.8 Armour
 * Level 1.4 Dodging
 + Level 0.3 Stealth
 + Level 4.0 Shields


You had 3 spell levels left.
You didn't know any spells.

Dungeon Overview and Level Annotations

Branches:
Dungeon (2/15)

Altars:
Xom

Annotations:
D:2 Sigmund


Innate Abilities, Weirdness & Mutations

You reflexively headbutt those who attack you in melee.
You have a pair of horns on your head.


Message History

Your shield prevents you from hitting the bat.
You block the bat's attack. Something hits you.
You slash the bat!
You kill the bat!
You hear some strange, mumbled words.
A puff of flame appears from out of thin air!
The puff of flame hits you! Something completely misses you.
Found a thin pearl amulet.
Items here: ) / [ † a hand axe; a scale mail; a runed fluorescent wand; the human corpse of Terence You closely miss something.
You headbutt something.
You hear some strange, mumbled words.
Something tries to affect you, but you resist.
You miss something. Your headbutt misses something. Something hits you.
* * * LOW HITPOINT WARNING * * *
You slash something! Something hits you.
* * * LOW HITPOINT WARNING * * *
You hit something. Your headbutt misses something. Something hits you!
You die...

............
............ #####+#.#
.....####### #.......#
.....# ### #...$...#
.....# #.. +........
.....###.# #........
#........#######..."...#
#.##.............{......
#.##.........# #@#
#.##.......(.# #.# #
#.###'###.###.# #
#<....# #.....# #.###.#
#.###.# #.# #.# #.# ....
####.#######.# #.###
.............. ...
###........... ...


There were no monsters in sight!

Vanquished Creatures
  Terence (D:2)
  Robin (D:2)
  A gnoll (D:1)
  2 ball pythons (D:1)
  A giant cockroach (D:1)
  11 goblins
  7 hobgoblins
  4 jackals (D:1)
  5 bats
  A kobold (D:2)
  3 rats
37 creatures vanquished.

Notes
Turn   | Place    | Note
--------------------------------------------------------------
     0 | D:1      | tof the Minotaur Fighter began the quest for the Orb.
     0 | D:1      | Reached XP level 1. HP: 19/19 MP: 0/0
   134 | D:1      | Found a shimmering altar of Xom.
   152 | D:1      | Reached skill level 4 in Armour
   152 | D:1      | Reached XP level 2. HP: 22/27 MP: 1/1
   725 | D:1      | Reached XP level 3. HP: 33/33 MP: 2/2
   839 | D:2      | Noticed Robin
   851 | D:2      | Killed Robin
   853 | D:2      | Reached skill level 1 in Dodging
  1093 | D:2      | Noticed Terence
  1096 | D:2      | Noticed Sigmund
  1107 | D:2      | Killed Terence
  1107 | D:2      | Reached XP level 4. HP: 27/40 MP: 3/3
  1114 | D:2      | Slain by Sigmund

Vault maps used:
D:1:      dpeg_arrival_signposts, xom_teletrap_fun
D:2:      uniq_sigmund, uniq_terence, uniq_jessica, uniq_robin

Action                   |  1- 3 |  4- 6 || total
-------------------------+-------+-------++-------
Melee: War axe           |    62 |       ||    62
       Long sword        |    15 |     6 ||    21
  Eat: Chunk             |     1 |       ||     1
